3212 views
Uploaded 2020-04-17 17:01:30
Game version 1.32.3
6:34 long 2on2 ladder game on (4)TwistedMeadows
Saved by zebroni
3212 views
Uploaded 2020-04-17 17:01:30
Game version 1.32.3
6:34 long 2on2 ladder game on (4)TwistedMeadows
28 units @ 3.2k
/ 0.1k
15 buildings @ 2.5k
/ 0.7k

| Lesser Clarity Potion | 1 | 70 |
| Healing Salve | 1 | 100 |
| total: | 2 | 170g |
| Peon | 8 | 600 | / | 0 |
| Grunt | 5 | 1000 | / | 0 |
| total: | 13 | 1600g | / | 0w |
| Altar of Storms | 1 | 180 | / | 50 |
| Orc Burrow | 3 | 480 | / | 120 |
| Barracks | 1 | 180 | / | 50 |
| Voodoo Lounge | 1 | 130 | / | 30 |
| War Mill | 1 | 205 | / | 0 |
| Stronghold | 1 | 315 | / | 190 |
| total: | 7 | 1175g | / | 250w |
| 0:02 | Peon |
| 0:06 | Altar of Storms |
| 0:09 | Orc Burrow |
| 0:14 | Peon |
| 0:28 | Barracks |
| 0:40 | Peon |
| 0:53 | Peon |
| 1:07 | Peon |
| 1:26 | Orc Burrow |
| 1:46 | Grunt |
| 2:04 | Voodoo Lounge |
| 2:08 | Wind Walk |
| 2:10 | Peon |
| 2:22 | Peon |
| 2:37 | Grunt |
| 3:07 | Grunt |
| 3:47 | Grunt |
| 3:58 | Peon |
| 4:01 | Orc Burrow |
| 4:41 | Stronghold |
| 5:10 | Lesser Clarity Potion |
| 5:12 | Healing Salve |
| 5:18 | War Mill |
| 5:50 | Grunt |

| Peon | 8 | 600 | / | 0 |
| Troll Headhunter | 7 | 980 | / | 140 |
| total: | 15 | 1580g | / | 140w |
| Watch Tower | 1 | 110 | / | 80 |
| Altar of Storms | 1 | 180 | / | 50 |
| Orc Burrow | 2 | 320 | / | 80 |
| War Mill | 1 | 205 | / | 0 |
| Barracks | 1 | 180 | / | 50 |
| Voodoo Lounge | 1 | 130 | / | 30 |
| Spirit Lodge | 1 | 150 | / | 150 |
| Stronghold | 1 | 315 | / | 190 |
| total: | 8 | 1275g | / | 440w |
| 0:03 | Peon |
| 0:03 | Peon |
| 0:16 | Altar of Storms |
| 0:21 | Orc Burrow |
| 0:35 | Peon |
| 0:36 | Peon |
| 0:53 | Peon |
| 1:06 | War Mill |
| 1:10 | Peon |
| 1:28 | Barracks |
| 1:38 | Peon |
| 2:02 | Orc Burrow |
| 2:07 | Peon |
| 2:16 | War Stomp |
| 2:24 | Voodoo Lounge |
| 2:45 | Troll Headhunter |
| 3:05 | Troll Headhunter |
| 3:37 | Stronghold |
| 3:58 | Troll Headhunter |
| 4:26 | Troll Headhunter |
| 4:37 | Watch Tower |
| 4:56 | Troll Headhunter |
| 5:22 | Steel Armor |
| 5:41 | Troll Headhunter |
| 5:41 | Troll Headhunter |
| 6:21 | Spirit Lodge |
28 units @ 3.5k
/ 0.3k
17 buildings @ 2.9k
/ 0.9k

| Wisp | 11 | 660 | / | 0 |
| Huntress | 8 | 1560 | / | 160 |
| total: | 19 | 2220g | / | 160w |
| Altar of Elders | 1 | 180 | / | 50 |
| Moon Well | 5 | 900 | / | 200 |
| Ancient of War | 2 | 300 | / | 120 |
| Hunter's Hall | 1 | 210 | / | 100 |
| total: | 9 | 1590g | / | 470w |
| 0:02 | Wisp |
| 0:02 | Wisp |
| 0:11 | Altar of Elders |
| 0:18 | Moon Well |
| 0:26 | Wisp |
| 0:39 | Wisp |
| 0:40 | Wisp |
| 0:48 | Wisp |
| 0:53 | Wisp |
| 1:08 | Wisp |
| 1:23 | Wisp |
| 1:47 | Wisp |
| 2:01 | Ancient of War |
| 2:03 | Hunter's Hall |
| 2:08 | Moon Well |
| 2:11 | Wisp |
| 2:33 | Ancient of War |
| 2:46 | Entangling Roots |
| 2:55 | Moon Well |
| 3:06 | Huntress |
| 3:31 | Huntress |
| 3:41 | Huntress |
| 3:51 | Ultravision |
| 4:05 | Huntress |
| 4:37 | Moon Well |
| 5:10 | Huntress |
| 5:32 | Huntress |
| 5:53 | Huntress |
| 6:14 | Huntress |
| 6:27 | Moon Well |

| Rod of Necromancy | 1 | 150 |
| Ritual Dagger | 1 | 125 |
| total: | 2 | 275g |
| Acolyte | 3 | 225 | / | 0 |
| Ghoul | 2 | 240 | / | 0 |
| Crypt Fiend | 4 | 860 | / | 160 |
| total: | 9 | 1325g | / | 160w |
| Nerubian Tower | 1 | 100 | / | 20 |
| Altar of Darkness | 1 | 180 | / | 50 |
| Ziggurat | 3 | 450 | / | 150 |
| Crypt | 1 | 200 | / | 50 |
| Tomb of Relics | 1 | 130 | / | 30 |
| Graveyard | 1 | 215 | / | 0 |
| Slaughterhouse | 1 | 140 | / | 135 |
| Halls of the Dead | 1 | 320 | / | 210 |
| total: | 8 | 1315g | / | 415w |
| 0:02 | Acolyte |
| 0:02 | Acolyte |
| 0:07 | Altar of Darkness |
| 0:09 | Ziggurat |
| 0:23 | Crypt |
| 0:54 | Tomb of Relics |
| 1:02 | Graveyard |
| 1:27 | Ziggurat |
| 1:44 | Ghoul |
| 1:44 | Ghoul |
| 2:09 | Rod of Necromancy |
| 2:10 | Death Coil |
| 2:16 | Nerubian Tower |
| 2:50 | Acolyte |
| 3:01 | Crypt Fiend |
| 3:27 | Halls of the Dead |
| 3:47 | Crypt Fiend |
| 4:10 | Crypt Fiend |
| 4:42 | Creature Attack |
| 4:44 | Crypt Fiend |
| 4:54 | Ritual Dagger |
| 5:20 | Ziggurat |
| 6:24 | Slaughterhouse |